 Dungeon Crawl Stone Soup version 0.19-a0-1850-g63fd1ff (webtiles) character file.

1666 Psiweapon the Carver (level 8, -5/62 HPs)
             Began as a Minotaur Gladiator on Oct 10, 2016.
             Was a Believer of Dithmenos.
             Killed from afar by an orc wizard (9 damage)
             ... with a magic dart
             ... on level 8 of the Dungeon.
             The game lasted 00:16:18 (4462 turns).

Psiweapon the Carver (Minotaur Gladiator)           Turns: 4462, Time: 00:16:19

Health: -5/62      AC: 11    Str: 20    XL:     8   Next: 69%
Magic:  7/7        EV: 15    Int:  5    God:    Dithmenos [**....]
Gold:   212        SH:  0    Dex: 13    Spells: 0 memorised, 7 levels left

rFire  + + .     SeeInvis .     a - +0 long sword
rCold  + . .     Gourm    +     Q - +4 ring mail
rNeg   . . .     Faith    .     (no shield)
rPois  +         Spirit   .     c - +0 hat
rElec  +         Dismiss  .     E - +0 cloak
rCorr  +         Reflect  .     x - +0 pair of gloves
MR     .....     Harm     .     (no boots)
Stlth  +.........               R - amulet of the gourmand
                                (no ring)
                                O - ring of protection from fire

@: lethally poisoned (-5 -> -7), resistant, very slightly contaminated, hasted,
wreathed by umbra, very quick
A: retaliatory headbutt, horns 2
a: Shadow Step, Renounce Religion


You were on level 8 of the Dungeon.
You worshipped Dithmenos.
Dithmenos was pleased with you.
You were not hungry.

You visited 2 branches of the dungeon, and saw 8 of its levels.
You also visited: Bailey.

You collected 212 gold pieces.

Inventory:

Hand Weapons
 a - a +0 long sword (weapon)
 b - a +0 hunting sling
 D - a +2 quarterstaff of chaos
 N - a +3 short sword of electrocution
Missiles
 d - 2 throwing nets (quivered)
 r - 125 stones
 s - 13 sling bullets
 P - 10 tomahawks
Armour
 c - a +0 hat (worn)
 n - a +0 ring mail of magic resistance
 q - a +0 leather armour
 x - a +0 pair of gloves (worn)
 B - a +1 robe of fire resistance
 E - a +0 cloak (worn)
 J - a +0 buckler
 Q - a +4 ring mail (worn)
Jewellery
 i - an uncursed amulet of guardian spirit
 O - a ring of protection from fire (left hand)
 R - an amulet of the gourmand (around neck)
 S - a -3 ring of protection
Wands
 I - a wand of disintegration (10/24)
Scrolls
 j - a scroll of blinking {unknown}
 p - a scroll of magic mapping {unknown}
 t - a scroll of recharging
 u - a scroll of amnesia {unknown}
 y - a scroll of enchant armour
 z - 5 scrolls of identify
 F - a scroll of fear {unknown}
 G - a scroll of noise
 H - 2 scrolls of remove curse
Potions
 e - 3 potions of resistance
 g - a potion of mutation {unknown}
 k - 2 potions of curing
 l - a potion of ambrosia {unknown}
 v - a potion of heal wounds {unknown}
 w - a potion of degeneration {unknown}
 A - a potion of agility {unknown}
 L - a potion of might {unknown}
 M - a potion of lignification
Comestibles
 f - 4 bread rations
 h - a slice of pizza
 o - 3 beef jerkies
 C - 4 fruits


   Skills:
 - Level 2.4 Fighting
 - Level 11.4 Long Blades
 - Level 2.0 Throwing
 + Level 7.5 Dodging


You had 7 spell levels left.
You didn't know any spells.

Dungeon Overview and Level Annotations

Branches:
Dungeon (8/15)             Temple (1/1) D:4            Lair (0/6) D:8

Altars:
Ashenzari
Dithmenos
Elyvilon
Kikubaaqudgha

Shops:
D:8 *

Annotations:
D:2 exclusion: downstairs


Innate Abilities, Weirdness & Mutations

You reflexively headbutt those who attack you in melee.
You have a pair of horns on your head.


Message History

The orc wizard gestures wildly while chanting.
The orc wizard blinks!
Something barely misses you.
You barely miss the orc. Something hits you but does no damage.
The orc wizard mumbles some strange words.
The orc wizard seems to speed up.
Something hits you but does no damage.
You are poisoned.
You hit something.
You feel sick.
You slash something! Dithmenos accepts your kill.
Dithmenos appreciates your extinguishing a source of fire.
Reactivating autopickup.
You feel a bit more experienced. The orc closely misses you.
You riposte.
You slash the orc!
You kill the orc!
Dithmenos accepts your kill.
You see here a hand axe.
The orc wizard casts a spell at you. The magic dart hits you!
You die...

......)....)......
......8..........##.....
.................#####.#
.#...............# .#
#....)...........# ##
#.....o....##...##
#..........##.#..#
#.?........##.##..#
#......@...##.# #.#
........)).##.# ...
##.........##.# #...
#...###.#.##.### ...
#.#. #..#......#.. #
#.##.###.........
.....[.........[..
#.....)...........
..#..........$....


You could see an orc wizard.

Vanquished Creatures
  The ghost of Flanowski the Skirmisher, a novice NaFi (D:4)
  A hornet (D:7)
  2 hungry ghosts
  A warg (D:8)
  The ghost of Flanowski the Skirmisher, an amateur NaFi (D:3)
  2 ogres
  A bullfrog (D:8)
  A crimson imp (D:7)
  Crazy Yiuf (D:2)
  3 orc priests
  2 orc wizards
  Jessica (D:2)
  3 worker ants (D:4)
  2 adders
  6 worms
  An adder skeleton (D:4)
  2 dart slugs
  2 leopard geckos (D:1)
  11 orcs
  8 bats
  6 giant cockroaches
  11 goblins
  4 hobgoblins
  3 jackals (D:7)
  9 kobolds
  4 quokkas
  A ball python (D:4)
  8 frilled lizards
  6 rats
104 creatures vanquished.

Notes
Turn   | Place    | Note
-------+----------+-------------------------------------------
     0 | D:1      | Psiweapon the Minotaur Gladiator began the quest for the Orb.
     0 | D:1      | Reached XP level 1. HP: 18/18 MP: 0/0
   100 | D:1      | Reached skill level 4 in Long Blades
   148 | D:2      | Found an ancient bone altar of Kikubaaqudgha.
   370 | D:1      | Found a shattered altar of Ashenzari.
   439 | D:3      | Noticed Flanowski's ghost (amateur NaFi)
   495 | D:3      | Reached XP level 2. HP: 25/25 MP: 1/1
   527 | D:5      | Entered Level 5 of the Dungeon
  1024 | D:2      | Reached skill level 5 in Long Blades
  1032 | D:2      | Found a shadowy altar of Dithmenos.
  1040 | D:2      | Reached XP level 3. HP: 30/30 MP: 2/2
  1049 | D:2      | Became a worshipper of Dithmenos the Shadowed
  1317 | D:2      | Noticed Jessica
  1319 | D:2      | Killed Jessica
  1319 | D:2      | Reached skill level 6 in Long Blades
  1319 | D:2      | Reached XP level 4. HP: 37/37 MP: 3/3
  1625 | D:2      | Found a runed door.
  1793 | D:2      | Noticed Crazy Yiuf
  1801 | D:2      | Killed Crazy Yiuf
  2150 | D:3      | Reached * piety under Dithmenos
  2184 | D:3      | Reached XP level 5. HP: 42/42 MP: 4/4
  2225 | D:4      | Noticed Flanowski's ghost (novice NaFi)
  2598 | D:3      | Reached skill level 7 in Long Blades
  2688 | D:3      | Killed Flanowski's ghost
  3072 | D:3      | Reached skill level 8 in Long Blades
  3185 | D:3      | Found a shattered altar of Ashenzari.
  3325 | D:4      | Killed Flanowski's ghost
  3325 | D:4      | Reached skill level 9 in Long Blades
  3325 | D:4      | Reached XP level 6. HP: 40/50 MP: 5/5
  3325 | D:4      | Reached XP level 7. HP: 45/56 MP: 6/6
  3326 | D:4      | Reached skill level 10 in Long Blades
  3344 | D:4      | Found a staircase to the Ecumenical Temple.
  3377 | Temple   | Entered the Ecumenical Temple
  3822 | D:4      | You fall through a shaft for 3 floors!
  3834 | D:7      | Noticed a hungry ghost
  3860 | D:7      | Killed a hungry ghost
  3860 | D:7      | Reached ** piety under Dithmenos
  3860 | D:7      | Reached skill level 11 in Long Blades
  3902 | D:8      | Found a staircase to the Lair.
  3934 | D:7      | Reached XP level 8. HP: 39/62 MP: 7/7
  3935 | D:7      | Noticed a hornet
  3941 | D:7      | Paralysed by a hornet for 3 turns
  3944 | D:7      | HP: 3/62 [hornet (12)]
  3949 | D:7      | HP: 1/62 [hornet (9)]
  3952 | D:7      | Killed a hornet
  3959 | D:7      | Reached skill level 5 in Dodging
  4110 | D:7      | Found a flagged portal.
  4284 | Bailey   | Entered a bailey
  4289 | Bailey   | Noticed an orc knight
  4423 | D:8      | Found Moippal's General Store.
  4462 | D:8      | Killed from afar by an orc wizard

Vault maps used:
D:1:      minmay_arrival_four_circles, nicolae_ashenzari_panopticon
D:2:      old_standard_altar, kiku_gazebo_pond_becter, minmay_pentomino_p2,
          uniq_jessica, uniq_crazy_yiuf_cottage
D:3:      lemuel_coloured_pillars_altar, first_bread
D:5:      kennysheep_mini_moat, kennysheep_slug_shrine, uniq_grinder,
          uniq_duvessa
D:7:      enter_bailey_3
D:8:      old_standard_altar, overflow_temple_1_default,
          erik_lair_orcish_takeover, serial_shops, shop_statue, uniq_joseph
Temple:   minmay_temple_bridge_abc
Bailey:   bailey_polearm_4, bailey

Skill      XL: |  1  2  3  4  5  6  7  8 |
---------------+-------------------------+-----
Long Blades    | 4 5 6 9 11 | 11.4
Dodging        | 7 |  7.5
Fighting       | |  2.4
Throwing       | |  2.0

Action                   |  1- 3 |  4- 6 |  7- 9 || total
-------------------------+-------+-------+-------++-------
Melee: Long sword        |    41 |    56 |   117 ||   214
       Headbutt          |     7 |    14 |    18 ||    39
       Short sword       |       |     8 |    17 ||    25
 Fire: Hunting sling     |    18 |    65 |     7 ||    90
Throw: Throwing net      |       |     1 |       ||     1
  Use: Scroll            |       |       |     8 ||     8
       Potion            |       |       |     7 ||     7
  Eat: Chunk             |     1 |     5 |     7 ||    13
       Pizza             |       |     1 |       ||     1
       Meat ration       |       |       |     1 ||     1
Armor: Leather armour    |     4 |       |       ||     4
       Ring mail         |     7 |    17 |    30 ||    54
       Skin              |       |       |     8 ||     8
Dodge: Dodged            |    35 |    39 |    78 ||   152
       Rpst.: Long sword |     7 |    10 |    15 ||    32
